| TOP OF THE 1ST |
|
Danville Braves batting - Pitching for Washington (APP) Nationals : RHP Danny Clarke
|
|
Pitching: RHP Danny Clarke
|
|
|
Batting: LHB Mitsujiro Tanaka
|
0-0: Ball 1-0: Foul Ball, location: 2F 1-1: Ball 2-1: SOLO HOME RUN (Flyball, 9LD, EV 91.2 MPH), Distance : 332 ft
|
|
Batting: RHB Vicente Guillen
|
0-0: Ball 1-0: Ground out 6-3 (Groundball, 6, EV 98.1 MPH)
|
|
Batting: LHB Ivan Castillo
|
0-0: Called Strike 0-1: SINGLE (Line Drive, 56, EV 97.5 MPH)
|
|
Batting: LHB Diego Garcia
|
0-0: Foul Ball, location: 2F 0-1: Ball 1-1: Swinging Strike 1-2: Strikes out looking
|
|
Pitching: RHP Romel Padua
|
|
|
Batting: RHB Rodolfo Cosme
|
0-0: Called Strike Ivan Castillo steals 2nd base 0-1: DOUBLE (Groundball, 5L, EV 103.1 MPH) Ivan Castillo scores
|
|
Batting: RHB Paul Holland
|
0-0: Ball 1-0: Ball 2-0: Called Strike 2-1: Ball 3-1: Foul Ball, location: 2F 3-2: Foul Ball, location: 2F 3-2: Foul Ball, location: 2F 3-2: Fly out, F8 (Flyball, 8LD, EV 96.9 MPH)
|
| Top of the 1st over - 2 runs, 3 hits, 0 errors, 1 left on base; Danville 2 - Washington (APP) 0 |
| BOTTOM OF THE 1ST |
|
Washington (APP) Nationals batting - Pitching for Danville Braves : RHP Jose Clemente
|
|
Pitching: RHP Jose Clemente
|
|
|
Batting: RHB Taffounnout Kame
|
0-0: Ball 1-0: Ground out 6-3 (Groundball, 56, EV 109.4 MPH)
|
|
Batting: RHB Er Le
|
0-0: Called Strike 0-1: Ball 1-1: SINGLE (Groundball, 6MD, EV 98.8 MPH)
|
|
Batting: SHB Ed Thorpe Jr.
|
0-0: Called Strike 0-1: Swinging Strike 0-2: Strikes out swinging
|
|
Batting: RHB Justin Davenport
|
0-0: Ball 1-0: Foul Ball, location: 2F 1-1: Ball 2-1: Ball 3-1: Called Strike 3-2: Base on Balls Er Le to second
|
|
Batting: RHB Tylor Cyr
|
0-0: Foul Ball, location: 2F 0-1: Called Strike 0-2: Ball 1-2: Foul Ball, location: 2F 1-2: SINGLE (Line Drive, 9S, EV 92.5 MPH) Er Le to third Justin Davenport to second Runner from 3rd tries for Home, SAFE, throw by RF to home
|
|
Batting: RHB Xavier Reeves
|
0-0: Swinging Strike 0-1: Ball 1-1: Called Strike 1-2: Fly out, F3 (Line Drive, 34, EV 61.9 MPH)
|
| Bottom of the 1st over - 1 run, 2 hits, 0 errors, 2 left on base; Danville 2 - Washington (APP) 1 |
| TOP OF THE 2ND |
|
Danville Braves batting - Pitching for Washington (APP) Nationals : RHP Romel Padua
|
|
Batting: RHB Roberto Rios
|
0-0: Called Strike 0-1: Swinging Strike 0-2: Ball 1-2: Fly out, F9 (Flyball, 9S, EV 91.9 MPH)
|
|
Batting: RHB Roman Lauder
|
0-0: Ball 1-0: Foul Ball, location: 2F 1-1: Called Strike 1-2: Ball 2-2: Foul Ball, location: 2F 2-2: Reached on error, E3 (Flyball, 3D, EV 93.8 MPH)
|
|
Batting: RHB Aaron Sartini
|
0-0: Ball 1-0: Called Strike 1-1: Called Strike 1-2: Ball 2-2: Ball 3-2: Foul Ball, location: 2F 3-2: Strikes out swinging
|
|
Batting: LHB Mitsujiro Tanaka
|
0-0: Foul Ball, location: 2F 0-1: Ball Wild Pitch! Roman Lauder to second 1-1: Ball 2-1: Ground out 3-1 (Groundball, 34S, EV 80.6 MPH)
|
| Top of the 2nd over - 0 runs, 0 hits, 1 error, 1 left on base; Danville 2 - Washington (APP) 1 |
| BOTTOM OF THE 2ND |
|
Washington (APP) Nationals batting - Pitching for Danville Braves : RHP Jose Clemente
|
|
Batting: RHB Steve Kunselman
|
0-0: Ball 1-0: Ball 2-0: Ball 3-0: Base on Balls
|
|
Batting: RHB Aaron Bateman
|
0-0: Called Strike 0-1: Swinging Strike 0-2: Strikes out swinging
|
|
Batting: SHB Nolan Carew
|
0-0: Ball 1-0: Foul Ball, location: 2F 1-1: Foul Ball, location: 2F 1-2: Strikes out swinging
|
|
Batting: RHB Taffounnout Kame
|
0-0: Swinging Strike 0-1: Ball Steve Kunselman is caught stealing 2nd base 2-4
|
| Bottom of the 2nd over - 0 runs, 0 hits, 0 errors, 0 left on base; Danville 2 - Washington (APP) 1 |
| TOP OF THE 3RD |
|
Danville Braves batting - Pitching for Washington (APP) Nationals : RHP Romel Padua
|
|
Batting: RHB Vicente Guillen
|
0-0: Ground out 1-3 (Groundball, 15S, EV 67.5 MPH)
|
|
Batting: LHB Ivan Castillo
|
0-0: Ball 1-0: Called Strike 1-1: Ball 2-1: Ball 3-1: Base on Balls
|
|
Batting: LHB Diego Garcia
|
0-0: Called Strike 0-1: DOUBLE (Flyball, 8RD, EV 101.9 MPH) Ivan Castillo to third
|
|
Pitching: RHP Johnny Hallamore
|
|
|
Batting: RHB Rodolfo Cosme
|
0-0: Ball Wild Pitch! Ivan Castillo scores Diego Garcia to third 1-0: Ball 2-0: Ground out 5-3 (Groundball, 56S, EV 66.2 MPH) Diego Garcia scores
|
|
Batting: RHB Paul Holland
|
0-0: Ground out 5-3 (Groundball, 5L, EV 96.2 MPH)
|
| Top of the 3rd over - 2 runs, 1 hit, 0 errors, 0 left on base; Danville 4 - Washington (APP) 1 |
| BOTTOM OF THE 3RD |
|
Washington (APP) Nationals batting - Pitching for Danville Braves : RHP Jose Clemente
|
|
Batting: RHB Taffounnout Kame
|
0-0: Ball 1-0: Ball 2-0: Ground out 5-3 (Groundball, 5L, EV 86.9 MPH)
|
|
Batting: RHB Er Le
|
0-0: SOLO HOME RUN (Line Drive, 78XD, EV 115.6 MPH), Distance : 448 ft
|
|
Batting: SHB Ed Thorpe Jr.
|
0-0: Ball 1-0: Ball 2-0: Ball 3-0: Called Strike 3-1: DOUBLE (Flyball, 78D, EV 100.6 MPH)
|
|
Batting: RHB Justin Davenport
|
0-0: Ball 1-0: Ball 2-0: Foul Ball, location: 2F 2-1: Ball 3-1: Base on Balls
|
|
Batting: RHB Tylor Cyr
|
0-0: Called Strike 0-1: Foul Ball, location: 2F 0-2: Foul Ball, location: 2F 0-2: Foul Ball, location: 2F 0-2: Ball 1-2: Ball 2-2: Grounds into double play, 6-4-3 (Groundball, 6, EV 83.8 MPH)
|
| Bottom of the 3rd over - 1 run, 2 hits, 0 errors, 1 left on base; Danville 4 - Washington (APP) 2 |
| TOP OF THE 4TH |
|
Danville Braves batting - Pitching for Washington (APP) Nationals : RHP Johnny Hallamore
|
|
Batting: RHB Roberto Rios
|
0-0: Called Strike 0-1: Ball 1-1: Swinging Strike 1-2: Ball 2-2: Strikes out swinging
|
|
Batting: RHB Roman Lauder
|
0-0: Ball 1-0: Called Strike 1-1: Called Strike 1-2: Strikes out swinging
|
|
Batting: RHB Aaron Sartini
|
0-0: Called Strike 0-1: Swinging Strike 0-2: Foul Ball, location: 2F 0-2: Ball 1-2: Ball 2-2: Ball 3-2: Strikes out swinging
|
| Top of the 4th over - 0 runs, 0 hits, 0 errors, 0 left on base; Danville 4 - Washington (APP) 2 |
| BOTTOM OF THE 4TH |
|
Washington (APP) Nationals batting - Pitching for Danville Braves : RHP Jose Clemente
|
|
Batting: RHB Xavier Reeves
|
0-0: Called Strike 0-1: Ball 1-1: Swinging Strike 1-2: Foul Ball, location: 2F 1-2: Strikes out swinging
|
|
Batting: RHB Steve Kunselman
|
0-0: Ball 1-0: Called Strike 1-1: Swinging Strike 1-2: Strikes out looking
|
|
Batting: RHB Aaron Bateman
|
0-0: Ball 1-0: Swinging Strike 1-1: Ground out 6-3 (Groundball, 56, EV 100.6 MPH)
|
| Bottom of the 4th over - 0 runs, 0 hits, 0 errors, 0 left on base; Danville 4 - Washington (APP) 2 |
| TOP OF THE 5TH |
|
Danville Braves batting - Pitching for Washington (APP) Nationals : RHP Johnny Hallamore
|
|
Batting: LHB Mitsujiro Tanaka
|
0-0: Called Strike 0-1: Foul Ball, location: 2F 0-2: Ball 1-2: Strikes out swinging
|
|
Batting: RHB Vicente Guillen
|
0-0: Ball 1-0: Fly out, F4 (Popup, 4M, EV 53.1 MPH)
|
|
Batting: LHB Ivan Castillo
|
0-0: Called Strike 0-1: Swinging Strike 0-2: Strikes out swinging
|
| Top of the 5th over - 0 runs, 0 hits, 0 errors, 0 left on base; Danville 4 - Washington (APP) 2 |
| BOTTOM OF THE 5TH |
|
Washington (APP) Nationals batting - Pitching for Danville Braves : RHP Jose Clemente
|
|
Batting: SHB Nolan Carew
|
0-0: Foul Ball, location: 2F 0-1: Foul Ball, location: 2F 0-2: Fly out, F8 (Flyball, 78M, EV 94.4 MPH)
|
|
Batting: RHB Taffounnout Kame
|
0-0: Called Strike 0-1: Ball 1-1: Ground out 1-3 (Groundball, 34S, EV 62.5 MPH)
|
|
Batting: RHB Er Le
|
0-0: Foul Ball, location: 2F 0-1: Called Strike 0-2: Foul Ball, location: 2F 0-2: Hit by Pitch
|
|
Batting: SHB Ed Thorpe Jr.
|
0-0: Ball Er Le steals 2nd base 1-0: SINGLE (Line Drive, 8LS, EV 101.2 MPH) Er Le to third Throwing error, E8 Er Le scores Ed Thorpe Jr. to second
|
|
Batting: RHB Justin Davenport
|
0-0: Called Strike 0-1: Called Strike 0-2: Ball 1-2: Foul Ball, location: 2F 1-2: Ground out 5-3 (Groundball, 25, EV 83.8 MPH)
|
| Bottom of the 5th over - 1 run, 1 hit, 1 error, 1 left on base; Danville 4 - Washington (APP) 3 |
| TOP OF THE 6TH |
|
Danville Braves batting - Pitching for Washington (APP) Nationals : RHP Johnny Hallamore
|
|
Batting: LHB Diego Garcia
|
0-0: Called Strike 0-1: Ball 1-1: Ball 2-1: Ball 3-1: Swinging Strike 3-2: Base on Balls
|
|
Batting: RHB Rodolfo Cosme
|
0-0: Ball 1-0: Ball 2-0: Ball 3-0: Called Strike 3-1: Base on Balls Diego Garcia to second
|
|
Pitching: RHP Greg Hall
|
|
|
Batting: RHB Paul Holland
|
0-0: Ball 1-0: SINGLE (Line Drive, 6M, EV 97.5 MPH) Diego Garcia to third Rodolfo Cosme to second
|
|
Batting: RHB Roberto Rios
|
0-0: Fly out, F4 (Line Drive, 4, EV 61.9 MPH)
|
|
Batting: RHB Roman Lauder
|
0-0: Ball 1-0: Swinging Strike 1-1: Swinging Strike 1-2: Ball 2-2: Grounds into fielders choice 5-2 (Groundball, 5, EV 91.9 MPH) Rodolfo Cosme to third Paul Holland to second
|
|
Batting: RHB Aaron Sartini
|
0-0: Ball 1-0: Fielders Choice at 2nd, U6 (Groundball, 6M, EV 88.1 MPH)
|
| Top of the 6th over - 0 runs, 1 hit, 0 errors, 3 left on base; Danville 4 - Washington (APP) 3 |
| BOTTOM OF THE 6TH |
|
Washington (APP) Nationals batting - Pitching for Danville Braves : RHP Jose Clemente
|
|
Batting: RHB Tylor Cyr
|
0-0: Called Strike 0-1: Ball 1-1: Called Strike 1-2: Ball 2-2: Ball 3-2: Base on Balls
|
|
Batting: RHB Xavier Reeves
|
0-0: Called Strike 0-1: Ball 1-1: Ball 2-1: Foul Ball, location: 2F 2-2: Ball 3-2: Base on Balls Tylor Cyr to second
|
|
Batting: RHB Steve Kunselman
|
0-0: Ball 1-0: Ground out 6-3 (Groundball, 6MS, EV 69.4 MPH) Tylor Cyr to third Xavier Reeves to second
|
|
Batting: RHB Aaron Bateman
|
0-0: Ball 1-0: Foul Ball, location: 2F 1-1: Ball 2-1: Swinging Strike 2-2: Foul Ball, location: 2F 2-2: Ball 3-2: Base on Balls
|
|
Pitching: RHP Rick Grenfell
|
|
|
Batting: SHB Fernando Fundora
|
0-0: Foul Ball, location: 2F 0-1: Ball 1-1: Foul Ball, location: 2F 1-2: Ball 2-2: Ball 3-2: Fly out, F9 (Flyball, 9, EV 81.9 MPH) Runner from 3rd tags up, SCORES, throw by RF
|
|
Batting: RHB Taffounnout Kame
|
0-0: Foul Ball, location: 2F 0-1: Ball 1-1: Ball 2-1: SINGLE (Groundball, 6MD, EV 107.5 MPH) Xavier Reeves to third Aaron Bateman to second Runner from 3rd tries for Home, SAFE, throw by CF to home
|
|
Batting: RHB Er Le
|
0-0: Ball 1-0: Ball 2-0: SINGLE (Line Drive, 34, EV 110.0 MPH) Aaron Bateman to third Taffounnout Kame to second Runner from 3rd tries for Home, SAFE, throw by RF to home
|
|
Batting: SHB Ed Thorpe Jr.
|
0-0: Ground out U3 (Groundball, 34, EV 86.2 MPH)
|
| Bottom of the 6th over - 3 runs, 2 hits, 0 errors, 2 left on base; Danville 4 - Washington (APP) 6 |
| TOP OF THE 7TH |
|
Danville Braves batting - Pitching for Washington (APP) Nationals : RHP Greg Hall
|
|
Now at C: Tylor Cyr
|
|
|
Now at 2B: Jason Ewert
|
|
|
Now at 3B: Aaron Bateman
|
|
|
Batting: LHB Mitsujiro Tanaka
|
0-0: Ball 1-0: Ball 2-0: Foul Ball, location: 2F 2-1: Foul Ball, location: 2F 2-2: Strikes out looking
|
|
Batting: RHB Vicente Guillen
|
0-0: Foul Ball, location: 2F 0-1: Ball 1-1: Ball 2-1: Called Strike 2-2: Strikes out looking
|
|
Batting: LHB Ivan Castillo
|
0-0: Ground out 4-3 (Groundball, 4, EV 83.1 MPH)
|
| Top of the 7th over - 0 runs, 0 hits, 0 errors, 0 left on base; Danville 4 - Washington (APP) 6 |
| BOTTOM OF THE 7TH |
|
Washington (APP) Nationals batting - Pitching for Danville Braves : RHP Rick Grenfell
|
|
Batting: RHB Jason Ewert
|
0-0: Foul Ball, location: 2F 0-1: Ball 1-1: Ball 2-1: SOLO HOME RUN (Flyball, 7LD, EV 93.8 MPH), Distance : 363 ft
|
|
Batting: RHB Tylor Cyr
|
0-0: Foul Ball, location: 2F 0-1: Swinging Strike 0-2: Foul Ball, location: 2F 0-2: Ball 1-2: Foul Ball, location: 2F 1-2: Fly out, F9 (Flyball, 9D, EV 95.6 MPH)
|
|
Batting: RHB Xavier Reeves
|
0-0: DOUBLE (Line Drive, 9LS, EV 110.0 MPH)
|
|
Batting: RHB Steve Kunselman
|
0-0: Called Strike Xavier Reeves steals 3rd base (no throw) 0-1: Swinging Strike 0-2: Strikes out swinging
|
|
Batting: RHB Aaron Bateman
|
0-0: Ball 1-0: Called Strike 1-1: Ball 2-1: Foul Ball, location: 2F 2-2: Strikes out swinging
|
| Bottom of the 7th over - 1 run, 2 hits, 0 errors, 1 left on base; Danville 4 - Washington (APP) 7 |
| TOP OF THE 8TH |
|
Danville Braves batting - Pitching for Washington (APP) Nationals : RHP Greg Hall
|
|
Batting: LHB Diego Garcia
|
0-0: Ball 1-0: Called Strike 1-1: Swinging Strike 1-2: Strikes out looking
|
|
Pitching: RHP Matt Norris
|
|
|
Batting: RHB Rodolfo Cosme
|
0-0: Called Strike 0-1: Ball 1-1: Ball 2-1: Ball 3-1: Base on Balls
|
|
Pinch Hitting: RHB Richard Saquic
|
0-0: Foul Ball, location: 2F 0-1: Called Strike 0-2: Strikes out swinging
|
|
Batting: RHB Roberto Rios
|
0-0: Ball 1-0: Ball 2-0: Called Strike 2-1: Called Strike 2-2: Ground out 4-3 (Groundball, 4MS, EV 87.5 MPH)
|
| Top of the 8th over - 0 runs, 0 hits, 0 errors, 1 left on base; Danville 4 - Washington (APP) 7 |
| BOTTOM OF THE 8TH |
|
Washington (APP) Nationals batting - Pitching for Danville Braves : RHP Rick Grenfell
|
|
Now at 3B: Carlos Livas
|
|
|
Batting: SHB Fernando Fundora
|
0-0: Foul Ball, location: 2F 0-1: Swinging Strike 0-2: Foul Ball, location: 2F 0-2: Strikes out swinging
|
|
Batting: RHB Taffounnout Kame
|
0-0: Ball 1-0: Swinging Strike 1-1: Fly out, F9 (Flyball, 89S, EV 88.1 MPH)
|
|
Batting: RHB Er Le
|
0-0: Called Strike 0-1: Ball 1-1: Foul Ball, location: 2F 1-2: DOUBLE (Line Drive, 78D, EV 110.0 MPH)
|
|
Pitching: LHP Mohala Kileona
|
|
|
Batting: SHB Ed Thorpe Jr.
|
0-0: Ball 1-0: Ball 2-0: Foul Ball, location: 2F 2-1: Foul Ball, location: 2F 2-2: Strikes out swinging
|
| Bottom of the 8th over - 0 runs, 1 hit, 0 errors, 1 left on base; Danville 4 - Washington (APP) 7 |
| TOP OF THE 9TH |
|
Danville Braves batting - Pitching for Washington (APP) Nationals : RHP Matt Norris
|
|
Batting: RHB Roman Lauder
|
0-0: Called Strike 0-1: Ball 1-1: Ball 2-1: Fly out, F8 (Flyball, 78M, EV 91.2 MPH)
|
|
Pinch Hitting: LHB Roger Shearing
|
0-0: Ball 1-0: Called Strike 1-1: Swinging Strike 1-2: Ball 2-2: Foul Ball, location: 2F 2-2: Strikes out swinging
|
|
Pitching: LHP Willie Rivera
|
|
|
Batting: LHB Mitsujiro Tanaka
|
0-0: Foul Ball, location: 2F 0-1: Ball 1-1: Foul Ball, location: 2F 1-2: Fly out, F8 (Flyball, 8RD, EV 108.1 MPH)
|
| Top of the 9th over - 0 runs, 0 hits, 0 errors, 0 left on base; Danville 4 - Washington (APP) 7 |
|